 Dungeon Crawl Stone Soup version 0.30-a0-728-gc68057be0a (webtiles) character file.

Game seed: 17583480861509342272

165 gruber the Sneak (level 5, -4/28 HPs)
             Began as a Vine Stalker Brigand on Jan 31, 2023.
             Slain by a black bear (8 damage)
             ... on level 4 of the Dungeon.
             The game lasted 00:03:11 (2746 turns).

gruber the Sneak (Vine Stalker Brigand)             Turns: 2746, Time: 00:03:11

Health: -4/28      AC:  4    Str: 15    XL:     5   Next: 46%
Magic:  0/6        EV: 11    Int: 11    God:
Gold:   222        SH:  0    Dex: 16    Spells: 4/4 levels left

rFire   . . .      SeeInvis .    a - +2 dagger
rCold   . . .      Faith    .    (no shield)
rNeg    . . .      Spirit   +    b - +0 robe
rPois   .          Reflect  .    (no helmet)
rElec   .          Harm     .    c - +0 cloak
rCorr   .          Rampage  .    w - +0 pair of gloves
Will    .....                    (no boots)
Stlth   +++                      (no amulet)
HPRegen 1.04/turn                (no ring)
MPRegen 0.10/turn                (no ring)

@: no status effects
A: fangs 2, regeneration 1, magic shield, antimagic bite, no potion heal 2
a: no special abilities


You were on level 4 of the Dungeon.
You visited 1 branch of the dungeon, and saw 4 of its levels.

You collected 222 gold pieces.

Inventory:

Hand Weapons
 a - a +2 dagger (weapon)
Missiles
 e - 3 curare-tipped darts (quivered)
Armour
 b - a +0 robe (worn)
 c - a +0 cloak (worn)
 o - a +0 buckler
 w - a +0 pair of gloves (worn)
Wands
 x - a wand of polymorph (12)
 z - a wand of flame (17)
Scrolls
 i - 2 scrolls of amnesia {unknown}
 j - 3 scrolls of identify {unknown}
 l - a scroll of fear {unknown}
 n - a scroll of teleportation {unknown}
 p - a scroll of brand weapon {unknown}
 q - a scroll of poison {unknown}
 s - a scroll of immolation {unknown}
 t - a scroll of torment {unknown}
 y - a scroll of noise {unknown}
 A - 2 scrolls of fog {unknown}
Potions
 f - 2 potions of resistance {unknown}
 g - a potion of invisibility {unknown}
 h - 3 potions of haste {unknown}
 k - a potion of attraction {unknown}
 m - 2 potions of brilliance {unknown}
 r - 7 potions of curing {unknown}
 u - 3 potions of mutation {unknown}
 v - a potion of degeneration {unknown}


   Skills:
 * Level 3.3 Fighting
 - Level 4.0 Short Blades
 - Level 1.7 Throwing
 - Level 0.7 Dodging
 - Level 4.8 Stealth


You had 4 spell levels left.
You didn't know any spells.
Your spell library contained the following spells:

 Spells                   Type           Power      Damage    Failure   Level
 Magic Dart               Conj           0%         1d3       34%         1
 Summon Small Mammal      Summ           0%         N/A       34%         1
 Call Imp                 Summ           0%         N/A       47%         2
 Lesser Beckoning         Tloc           0%         N/A       47%         2
 Call Canine Familiar     Summ           0%         N/A       71%         3
 Gell's Gravitas          Tloc           0%         N/A       71%         3
 Mephitic Cloud           Conj/Pois/Air  0%         N/A       71%         3
 Stone Arrow              Conj/Erth      0%         3d7       71%         3
 Summon Guardian Golem    Hex/Summ       0%         N/A       71%         3
 Teleport Other           Tloc           0%         N/A       71%         3
 Animate Armour           Summ/Erth      0%         N/A       98%         4
 Lehudib's Crystal Spear  Conj/Erth      0%         10d2      100%        8


Dungeon Overview and Level Annotations

Branches:
Dungeon (4/15)
 Temple: D:4-7

Altars:
Sif Muna

Shops:
D:3 (:*

Annotations:
D:4 2 runed translucent doors, wogdood's ghost, amateur SpBr


Innate Abilities, Weirdness & Mutations

You have extremely sharp teeth.
Your natural rate of healing is unusually fast.
When hurt, damage is shared between your health and your magic reserves.
Your bite disrupts and absorbs the magic of your enemies.
Potions cannot restore your health.


Message History

Throw: 4 darts (poison)
Press: ? - help, Q - select action, (/) - cycle Shift-Dir - straight line, f/p - black bear
Aim: a black bear (severely wounded, 68% to hit)
You throw a poisoned dart.
The poisoned dart barely misses the black bear.
The black bear goes berserk!
Unknown command.
Throw: 3 darts (poison)
Press: ? - help, Q - select action, (/) - cycle Shift-Dir - straight line, f/p - black bear
Aim: a black bear (severely wounded, berserk, 68% to hit)
You throw a poisoned dart. The poisoned dart hits the black bear.
The black bear is poisoned.
The black bear is severely wounded.
The black bear barely misses you. The black bear claws you.
The black bear closely misses you. The black bear bites you.
The black bear closely misses you. The black bear barely misses you.
Unknown command.
Throw: 2 darts (poison)
Press: ? - help, Q - select action, (/) - cycle Shift-Dir - straight line, f/p - black bear
Aim: a black bear (severely wounded, berserk, poisoned, 68% to hit)
You throw a poisoned dart. The poisoned dart hits the black bear.
The black bear looks even sicker.
The black bear is severely wounded.
The black bear misses you. x2; The black bear claws you.
Unknown command.
Throw: dart (poison)
Press: ? - help, Q - select action, (/) - cycle Shift-Dir - straight line, f/p - black bear
Aim: a black bear (severely wounded, berserk, very poisoned, 68% to hit)
You throw a poisoned dart. The poisoned dart hits the black bear.
The black bear looks even sicker.
The black bear is severely wounded.
The black bear bites you!
* * * LOW HITPOINT WARNING * * *
The black bear barely misses you. The black bear completely misses you.
Unknown command.
You hit the black bear.
You bite the black bear, but do no damage.
The black bear is severely wounded.
The black bear barely misses you. x3; The black bear bites you!
You die...

####.# #.#
#.# #.# #.#
#.# #.# #.#
.##########
#.#
(.....h@..#
#.#
#########.#
#.# #.# #.#
#.# #.# #.#
#.# #.# #.#
#.# #.# #.#
#.# #.#


You could see a black bear (berserk, very poisoned).

Vanquished Creatures
  A hound (D:4)
  4 adders (D:4)
  2 ufetubi (D:4)
  8 endoplasms
  8 giant cockroaches
  8 goblins
  10 hobgoblins
  6 jackals (D:1)
  4 quokkas
  5 ball pythons
  9 bats
  4 frilled lizards
  4 kobolds
  9 rats
82 creatures vanquished.

Notes
Turn   | Place    | Note
-------+----------+-------------------------------------------
     0 | D:1      | gruber the Vine Stalker Brigand began the quest for the
                  | Orb.
     0 | D:1      | Reached XP level 1. HP: 11/11 MP: 2/2
   178 | D:1      | Reached XP level 2. HP: 15/15 MP: 3/3
   271 | D:1      | Found a faded altar of an unknown god.
   445 | D:1      | Reached XP level 3. HP: 14/18 MP: 2/4
  1225 | D:2      | Found a shimmering blue altar of Sif Muna.
  1352 | D:2      | Gained mutation: Your natural rate of healing is unusually
                  | fast. [Vine Stalker growth]
  1352 | D:2      | Reached XP level 4. HP: 19/23 MP: 5/5
  1709 | D:3      | Found Veubanepn's Weapon Boutique.
  1977 | D:3      | Found Raffa's Assorted Antiques.
  2014 | D:3      | Found Wosivam's Book Shoppe.
  2190 | D:4      | Reached XP level 5. HP: 26/27 MP: 6/6
  2429 | D:4      | Found a runed translucent door.
  2449 | D:4      | Found a runed translucent door.
  2449 | D:4      | Noticed wogdood's ghost (amateur SpBr)
  2719 | D:4      | Noticed a black bear
  2746 | D:4      | Slain by a black bear

Illustrated notes

Levels and vault maps discovered:
D:1:      dpeg_arrival_refuge, layout_loops_corners,
          ebering_ecumenical_altar_rust
D:2:      layout_rooms, basic_altar
D:3:      layout_rooms, serial_shops, nicolae_shop_bloodbath_and_beyond,
          shop_statue, nicolae_shop_window_shopping, kennysheep_generic_room_12
D:4:      layout_basic, nicolae_uskayaw_suspiria, ebering_ghost_sewer_f

Skill      XL: |  1  2  3  4  5 |
---------------+----------------+-----
Short Blades   | 2 3 4 |  4.0
Fighting       | 2 3 |  3.3
Throwing       | |  1.7
Dodging        | |  0.7
Stealth        | |  4.8

Action                     |  1- 3 |  4- 6 || total
---------------------------+-------+-------++-------
  Melee: Dagger            |   130 |    98 ||   228
         Bite              |    25 |    27 ||    52
         Punch             |     1 |       ||     1
  Throw: Dart              |       |    12 ||    12
   Stab: Sleeping          |    12 |     6 ||    18
 Armour: Robe              |    43 |    33 ||    76
  Dodge: Dodged            |    71 |    84 ||   155

Table legend: (Time is in decaauts)
 A = Elapsed time spent in this place.
 B = Non-inter-level travel time spent in this place.
 C = Inter-level travel time spent in this place.
 D = Time resting spent in this place.
 E = Time spent auto-exploring this place.
 F = Levels seen in this place.
 G = Mean time per level.
                   A        B        C        D        E       F      G
               +--------+--------+--------+--------+--------+-----+--------+
         Total |   2702 |   2648 |     54 |      0 |   2084 |   4 |  675.5 |
       Dungeon |   2702 |   2648 |     54 |      0 |   2084 |   4 |  675.5 |
               +--------+--------+--------+--------+--------+-----+--------+

Top non-repeatable levels by time:
     D:1: 1068 daAuts
     D:4: 678 daAuts
     D:2: 556 daAuts
     D:3: 399 daAuts
